 Dungeon Crawl Stone Soup version 0.31-a0-182-gc5ef74bbde (webtiles) character file.

Game seed: 10217563922103118270

548 qw the Chopper (level 7, -1/44 HPs)
             Began as a Gargoyle Fighter on June 20, 2023.
             Slain by an ogre
             ... wielding a +0 giant spiked club
              (18 damage)
             ... on level 5 of the Dungeon.
             The game lasted 00:01:34 (3512 turns).

qw the Chopper (Gargoyle Fighter)                   Turns: 3512, Time: 00:01:34

Health: -1/44      AC: 18    Str: 21    XL:     7   Next: 28%
Magic:  7/7        EV:  5    Int:  9    God:
Gold:   276        SH:  4    Dex:  9    Spells: 6/6 levels left

rFire   . . .        Y - +0 war axe (drain)
rCold   . . .        c - +0 buckler
rNeg    + . .        n - +0 plate armour
rPois   inf          (no helmet)
rElec   +            e - +0 cloak
rCorr   .            l - +0 pair of gloves
SInv    .            (no boots)
Will    .....        (no amulet) Stlth
                     (no ring)
HPRegen 0.27/turn    (no ring)
MPRegen 0.10/turn

%: no passive effects
@: no status effects
A: sickness immunity, AC +4, negative energy resistance 1, electricity
resistance, torment resistance 1, petrification resistance
a: no special abilities


You were on level 5 of the Dungeon.
You visited 2 branches of the dungeon, and saw 6 of its levels.

You collected 315 gold pieces.
You spent 39 gold pieces at shops.


Innate Abilities, Weirdness & Mutations

You are immune to sickness and miasma.
Your stone body is resilient. (AC +4)
You are immune to poison.
You resist negative energy. (rN+)
You are resistant to electric shocks. (rElec)
You are resistant to unholy torment.
You are immune to petrification.


   Skills:
 - Level 4.9 Fighting
 - Level 6.1 Axes
 + Level 3.9 Armour
 - Level 3.2 Shields


You had 6 spell levels left.
You didn't know any spells.
Your spell library was empty.

Inventory:

Hand Weapons
 f - a +0 flail
 o - a +0 hand axe
 Y - a +0 war axe of draining (weapon)
Armour
 c - a +0 buckler (worn)
 e - a +0 cloak (worn)
 l - a +0 pair of gloves (worn)
 n - a +0 plate armour (worn)
Jewellery
 b - the amulet "Etrebip" {Reflect rPois rC+ Will- Str+3 SH+5}
   (You found it on level 5 of the Dungeon)

   [amulet of reflection]

   It reflects blocked missile attacks.
   Str:       It affects your strength (+3).
   rC:        It protects you from cold.
   rPois:     It protects you from poison.
   SH:        It affects your SH (+5).
   Will:      It decreases your willpower.
Scrolls
 i - 3 scrolls of identify
Potions
 a - a potion of attraction
 d - 2 potions of might
 g - a potion of cancellation
 h - 2 potions of curing
 m - a potion of magic

Dungeon Overview and Level Annotations

Branches:
Dungeon (5/15)             Temple (1/1) D:5

Altars:
Ashenzari
Cheibriados
Dithmenos
Fedhas
Gozag
Hepliaklqana
Kikubaaqudgha
Qazlal
Ru
Sif Muna
Uskayaw
Wu Jian
Yredelemnul
Zin
The Shining One

Shops:
D:1 !


Message History

Enter note:
Enter note:
Enter note:
Enter note:
Enter note:
Enter note:
Found a stone staircase leading up.
Enter note:
Enter note:
Enter note:
Enter note:
Enter note:
Enter note:
Enter note:
Enter note:
Enter note: You open the door.
There is an open door here.
You open the door.
An ogre comes into view. It is wielding a +0 giant spiked club.
The ogre shouts!
Enter note:
Enter note:
Enter note:
Enter note:
Enter note:
Enter note:
Enter note:
Enter note:
Enter note: You hit the ogre.
The ogre is lightly wounded.
The ogre hits you with a +0 giant spiked club!
You barely miss the ogre.
The ogre is lightly wounded.
The ogre hits you with a +0 giant spiked club!
You slash the ogre! You drain the ogre.
The ogre is heavily wounded.
The ogre hits you with a +0 giant spiked club!!
You die...

###.......#..........#
#.........#..........#
#.#.......#..........#
#.#.......#..........#
#.#.#..##.#..^.......#
#.#.#..##.#....:.....#
#.#.#..##.############
#.#.#..##......
#...#..@O......
#...'..##......
#...#### ..... #...#
.... #...# ### #.###
#.# #.# #.#


You could see an ogre (drained).

Vanquished Creatures
  2 ice beasts (D:5)
  A black bear (D:5)
  A scorpion (D:5)
  A jelly (D:4)
  A hound (D:4)
  A sleepcap (D:4)
  An iguana (D:5)
  An orc wizard (D:3)
  An adder (D:2)
  A worm (D:3)
  2 dart slugs (D:3)
  5 orcs (D:3)
  7 endoplasms
  2 giant cockroaches
  4 goblins
  2 hobgoblins (D:4)
  4 jackals (D:2)
  7 quokkas
  2 ball pythons
  2 bats (D:3)
  5 frilled lizards
  8 kobolds
  3 rats (D:3)
64 creatures vanquished.

Notes
Turn   | Place    | Note
-------+----------+-------------------------------------------
     0 | D:1      | qw the Gargoyle Fighter began the quest for the Orb.
     0 | D:1      | Reached XP level 1. HP: 14/14 MP: 1/1
     0 | D:1      | 0 ||| qw: Version: 0.3-a-9-g12657ce
     0 | D:1      | 0 ||| qw: Game counter: 1356
     0 | D:1      | 0 ||| qw: Always use a shield: true
     0 | D:1      | 0 ||| qw: God list: Okawaru
     0 | D:1      | 0 ||| qw: Allow faded altars: false
     0 | D:1      | 0 ||| qw: Do Orc after D:15 true
     0 | D:1      | 0 ||| qw: Do second Lair branch before Depths: true
     0 | D:1      | 0 ||| qw: Lair rune preference: random
     0 | D:1      | 0 ||| qw: Plans: Normal, Zot:1-4, Slime:5, God:TSO, Crypt,
                  | Tomb, Abyss, Pan, Hells, Win
     0 | D:1      | 0 ||| PLANNING D:1-11
    46 | D:1      | Reached skill level 2 in Axes
   227 | D:1      | 227 ||| DROPPING orb of energy.
   228 | D:1      | 228 ||| READING scroll labelled UMOCVU RYIFOWNIE.
   246 | D:1      | 246 ||| READING scroll labelled BYL TOTONICS.
   247 | D:1      | 247 ||| READING scroll labelled UCACVO HOFIAT.
   248 | D:1      | 248 ||| READING scroll labelled FIXTER WUREA.
   249 | D:1      | 249 ||| READING scroll labelled SONIXE VUUKUU.
   390 | D:1      | Found Bohaum's Distillery.
   401 | D:1      | 401 ||| BUYING potion of attraction (39 gold).
   401 | D:1      | Bought a potion of attraction for 39 gold pieces
   401 | D:1      | 401 ||| SHOPLISTING potion of curing (39 gold, have 16).
   401 | D:1      | 401 ||| SHOPLISTING potion of enlightenment (65 gold, have
                  | 16).
   401 | D:1      | 401 ||| SHOPLISTING potion of heal wounds (65 gold, have
                  | 16).
   401 | D:1      | 401 ||| SHOPLISTING potion of lignification (39 gold, have
                  | 16).
   401 | D:1      | 401 ||| SHOPLISTING potion of mutation (104 gold, have 16).
   577 | D:1      | Reached XP level 2. HP: 19/19 MP: 2/2
   578 | D:1      | 578 ||| READING scroll labelled YQUF XUXTEDUIQ.
   582 | D:1      | 582 ||| Stepping ~*~*~tactically~*~*~ (hiding).
   721 | D:2      | Found a faded altar of an unknown god.
   948 | D:2      | 948 ||| Stepping ~*~*~tactically~*~*~ (stealth).
   950 | D:2      | Reached skill level 3 in Axes
   953 | D:2      | Reached XP level 3. HP: 23/23 MP: 3/3
  1362 | D:2      | 1362 ||| READING scroll labelled VUTARCH ANEJAUPT.
  1363 | D:2      | 1363 ||| READING scroll labelled BAEFYG PUTIBEY.
  1367 | D:2      | 1367 ||| READING scroll labelled KIMANLI QAUMAO.
  1384 | D:2      | 1384 ||| DRINKING 2 lumpy purple potions.
  1429 | D:3      | 1429 ||| DROPPING +0 club.
  1433 | D:3      | 1433 ||| Stepping ~*~*~tactically~*~*~ (hiding).
  1435 | D:3      | 1435 ||| Stepping ~*~*~tactically~*~*~ (hiding).
  1436 | D:3      | 1436 ||| Stepping ~*~*~tactically~*~*~ (hiding).
  1543 | D:3      | 1543 ||| DROPPING +0 whip.
  1544 | D:3      | Found an ancient bone altar of Kikubaaqudgha.
  1655 | D:3      | 1655 ||| STAIRDANCE
  1672 | D:2      | 1672 ||| READING scroll labelled ARUTIM JEASO.
  1707 | D:3      | Found a glowing golden altar of the Shining One.
  1866 | D:3      | 1866 ||| FLEEEEING.
  1952 | D:3      | Reached skill level 4 in Axes
  1952 | D:3      | Reached XP level 4. HP: 28/28 MP: 4/4
  2268 | D:3      | Found a broken altar of Ashenzari.
  2311 | D:3      | 2311 ||| UPGRADING to +0 cloak.
  2316 | D:3      | 2316 ||| UPGRADING to +0 chain mail.
  2326 | D:3      | 2326 ||| DROPPING +0 scale mail.
  2327 | D:3      | 2327 ||| READING 2 scrolls of identify.
  2327 | D:3      | 2327 ||| IDENTIFYING green potion
  2357 | D:4      | Reached XP level 5. HP: 32/32 MP: 5/5
  2463 | D:4      | Found a sacrificial altar of Ru.
  2662 | D:4      | 2662 ||| Stepping ~*~*~tactically~*~*~ (stealth).
  2740 | D:4      | 2740 ||| READING scroll of brand weapon.
  2740 | D:4      | 2740 ||| BRANDING +0 war axe of freezing.
  2779 | D:4      | 2779 ||| Stepping ~*~*~tactically~*~*~ (stealth).
  2780 | D:4      | 2780 ||| Stepping ~*~*~tactically~*~*~ (stealth).
  2797 | D:4      | Reached skill level 5 in Axes
  2933 | D:4      | 2933 ||| READING scroll of brand weapon.
  2933 | D:4      | 2933 ||| BRANDING +0 war axe of electrocution.
  2964 | D:4      | 2964 ||| UPGRADING to +0 pair of gloves.
  2969 | D:4      | 2969 ||| UPGRADING to +0 plate armour.
  2979 | D:4      | 2979 ||| DROPPING +0 chain mail.
  2980 | D:4      | 2980 ||| DRINKING 2 fizzy golden potions.
  2981 | D:4      | 2981 ||| READING 3 scrolls of identify.
  2981 | D:4      | 2981 ||| IDENTIFYING emerald potion
  2982 | D:4      | 2982 ||| READING 2 scrolls of identify.
  2982 | D:4      | 2982 ||| IDENTIFYING fuming sapphire potion
  2983 | D:4      | 2983 ||| DROPPING potion of brilliance.
  3027 | D:5      | Entered Level 5 of the Dungeon
  3035 | D:5      | Noticed an ice beast
  3044 | D:5      | HP: 2/33 [ice beast (7)]
  3045 | D:5      | 3045 ||| DRINKING potion of heal wounds.
  3046 | D:5      | Killed an ice beast
  3047 | D:5      | Reached XP level 6. HP: 34/40 MP: 6/6
  3094 | D:5      | Found a staircase to the Ecumenical Temple.
  3095 | D:5      | 3095 ||| PLANNING TEMPLE
  3099 | Temple   | Entered the Ecumenical Temple
  3110 | Temple   | 3110 ||| PLANNING D:1-11
  3251 | D:5      | Noticed a black bear
  3261 | D:5      | Killed a black bear
  3337 | D:5      | Identified the amulet "Etrebip" {Reflect rPois rC+ Will-
                  | Str+3 SH+5}
  3378 | D:5      | Noticed an ice beast
  3387 | D:5      | Killed an ice beast
  3388 | D:5      | Reached skill level 6 in Axes
  3388 | D:5      | Reached XP level 7. HP: 44/44 MP: 7/7
  3512 | D:5      | Slain by an ogre

Levels and vault maps discovered:
D:1:      scummos_arrival_gate, layout_rooms, serial_shops,
          nicolae_shop_crystal, reono_crystal_passage, grunt_decor_arrowhead
D:2:      layout_basic, shapermc_ecumenical_altar_notcrosses,
          minmay_misc_feat_diagonals
D:3:      layout_loops_ring, amcnicky_altar_gilded, tso_altar,
          ashenzari_altar_1, nicolae_kite_square_tiling_tiny
D:4:      layout_loops_cross, nicolae_ru_the_path_less_chosen
D:5:      layout_basic, temple_doors_cd
Temple:   minmay_freezing_vapour_temple

Skill      XL: |  1  2  3  4  5  6 |
---------------+-------------------+-----
Axes           | 2 3 4 5 6 |  6.1
Fighting       | 4 |  4.9
Armour         | |  3.9
Shields        | |  3.2

Action                     |  1- 3 |  4- 6 |  7- 9 || total
---------------------------+-------+-------+-------++-------
  Melee: War axe           |    91 |    66 |     7 ||   164
    Use: Scroll            |    10 |     5 |       ||    15
         Potion            |     1 |     2 |       ||     3
 Armour: Scale mail        |    37 |     5 |       ||    42
         Chain mail        |       |     8 |       ||     8
         Plate armour      |       |    22 |     2 ||    24
  Dodge: Dodged            |    29 |    14 |       ||    43
  Block: Buckler           |    22 |     8 |       ||    30

Table legend:
 A = Non-vault XP
 B = Vault XP
 C = Vault XP percentage of total XP
 D = Non-vault monster count
 E = Vault monster count
 F = Vault count percentage of total count
                 A         B        C        D         E       F
            +---------+---------+-------+---------+---------+-------
      Total |     784 |       0 |   0.0 |      64 |       0 |   0.0
            +---------+---------+-------+---------+---------+-------
        D:1 |      11 |       0 |   0.0 |       8 |       0 |   0.0
        D:2 |      38 |       0 |   0.0 |      15 |       0 |   0.0
        D:3 |      80 |       0 |   0.0 |      21 |       0 |   0.0
        D:4 |     138 |       0 |   0.0 |      12 |       0 |   0.0
        D:5 |     517 |       0 |   0.0 |       8 |       0 |   0.0
            +---------+---------+-------+---------+---------+-------
